 Dungeon Crawl Stone Soup version 0.29-a0-409-gd843f3a48c (webtiles) character file.

Game seed: 7877965066952291878

17 trckry the Caller (level 2, 0/13 HPs)
             Began as a Vine Stalker Summoner on May 13, 2022.
             Was a Follower of Trog.
             Succumbed to an adder's poison
             ... on level 5 of the Dungeon.
             The game lasted 00:01:34 (645 turns).

trckry the Caller (Vine Stalker Summoner)            Turns: 645, Time: 00:01:35

Health: 0/13       AC: 10    Str: 10    XL:     2   Next: 62%
Magic:  5/6        EV:  1    Int: 15    God:    Trog [*.....]
Gold:   65         SH:  0    Dex: 14    Spells: 4/5 levels left

rFire   . . .      SeeInvis .   f - +0 hand axe
rCold   . . .      Faith    .   (no shield)
rNeg    . . .      Spirit   +   j - +0 plate armour
rPois   .          Reflect  .   (no helmet)
rElec   .          Harm     .   (no cloak)
rCorr   .          Rampage  .   (no gloves)
Will    .....                   (no boots)
Stlth   ..........              (no amulet)
HPRegen 0.04/turn               (no ring)
MPRegen 0.10/turn               (no ring)

@: lethally poisoned (0 -> -3)
A: fangs 2, magic shield, antimagic bite, no potion heal 2
a: Renounce Religion, Berserk


You were on level 5 of the Dungeon.
You worshipped Trog.
Trog was aware of your devotion.
You visited 1 branch of the dungeon, and saw 5 of its levels.

You collected 65 gold pieces.

Inventory:

Hand Weapons
 f - a +0 hand axe (weapon)
Armour
 a - a +0 robe
 j - a +0 plate armour (worn)
Scrolls
 d - 2 scrolls of fear {unknown}
 e - a scroll of vulnerability {unknown}
 g - a scroll of amnesia {unknown}
 h - a scroll of identify {unknown}
 i - a scroll of torment {unknown}
Potions
 b - a potion of magic


   Skills:
 + Level 2.0 Dodging
 + Level 3.2 Stealth
 - Level 2.2 Spellcasting
 - Level 4.0 Summonings


You had 4 spell levels left.
You knew the following spells:

 Your Spells              Type           Power      Damage    Failure   Level
a - Summon Small Mammal   Summ           52%        N/A       100%        1

Your spell library contained the following spells:

 Spells                   Type           Power      Damage    Failure   Level
 Call Imp                 Summ           13%        N/A       100%        2
 Call Canine Familiar     Summ           13%        N/A       100%        3
 Summon Guardian Golem    Hex/Summ       7%         N/A       100%        3
 Summon Lightning Spire   Summ/Air       7%         N/A       100%        4


Dungeon Overview and Level Annotations

Branches:
Dungeon (5/15)
 Temple: D:4-7

Altars:
Trog

Shops:
D:1 :


Innate Abilities, Weirdness & Mutations

You have extremely sharp teeth.
When hurt, damage is shared between your health and your magic reserves.
Your bite disrupts and absorbs the magic of your enemies.
Potions cannot restore your health.


Message History

The adder is lightly wounded.
The adder bites you but does no damage. The adder bites you.
You take 2 damage, and have 9/13 hp.
You now have 4/6 mp.
You hit the adder but do no damage.
The adder is lightly wounded.
The adder bites you. The adder bites you but does no damage.
You take 1 damage, and have 8/13 hp.
You hit the adder.
The adder is heavily wounded.
The adder bites you but does no damage.
You miss the adder. Your bite misses the adder.
The adder is heavily wounded.
The adder bites you but does no damage. x2
You miss the adder. You bite the adder. You drain its power.
You feel invigorated.
The adder is severely wounded.
The adder bites you but does no damage. The adder bites you.
You are poisoned.
The adder poisons you!
You take 2 damage, and have 6/13 hp.
You miss the adder. Your bite misses the adder.
The adder is severely wounded.
You feel sick. The adder bites you.
* * * LOW HITPOINT WARNING * * *
You are lethally poisoned!
The adder poisons you!
You take 3 damage, and have 3/13 hp.
MASSIVE DAMAGE!!
You barely miss the adder. You bite the adder.
You kill the adder!
Trog accepts your kill.
* * * LOW HITPOINT WARNING * * *
You feel sick.
Your Dodging skill increases to level 2!
Your Stealth skill increases to level 3!
You take 1 damage, and have 2/13 hp.
It was a potion of heal wounds.
That seemed strangely inert.
* * * LOW HITPOINT WARNING * * *
You feel sick.
You take 1 damage, and have 1/13 hp.
You die...

###. ##....
#...... .....
##...# #...#
##@..# ########
####...##
#<.....####......#
######.#........##
#........###
#....##### #.####
#.. ###


There were no monsters in sight!

Vanquished Creatures
  An adder (D:5)
  A bat (D:1)
  An endoplasm (D:1)
  A goblin (D:1)
  A ball python (D:1)
  A frilled lizard (D:1)
  2 rats (D:1)
8 creatures vanquished.

Vanquished Creatures (collateral kills)
  A rat (D:1)
1 creature vanquished.

Grand Total: 9 creatures vanquished

Notes
Turn   | Place    | Note
-------+----------+-------------------------------------------
     0 | D:1      | trckry the Vine Stalker Summoner began the quest for the
                  | Orb.
     0 | D:1      | Reached XP level 1. HP: 9/9 MP: 4/4
   171 | D:1      | Found a faded altar of an unknown god.
   186 | D:1      | Prayed at the altar of an unknown god.
   186 | D:1      | Became a worshipper of Trog the Wrathful
   186 | D:1      | Reached * piety under Trog
   335 | D:1      | Reached XP level 2. HP: 13/13 MP: 6/6
   349 | D:1      | Found Ricvam's Book Boutique.
   591 | D:2      | You fall into a shaft and drop 1 floor!
   604 | D:5      | Entered Level 5 of the Dungeon
   644 | D:5      | HP: 1/13 [poisoned by an adder]
   645 | D:5      | Succumbed to an adder's poison

Illustrated notes

Levels and vault maps discovered:
D:1:      lemuel_arrival_lava_pool, layout_loops_ring,
          chequers_ecumenical_altar_island, serial_shops, shop
D:2:      layout_rooms, minmay_misc_feat_enclosed
D:3:      layout_loops_cross, lightli_sewer_entry_pipes, uniq_natasha
D:4:      layout_rooms, minmay_temple_entry_drinking_statues,
          minmay_misc_feat_tower, uniq_eustachio
D:5:      layout_basic, serial_curves, eino_curves_04, eino_curves_04,
          kennysheep_doodads, uniq_sigmund, uniq_menkaure

Skill      XL: |  1  2 |
---------------+-------+-----
Dodging        | 2 |  2.0
Stealth        | 3 |  3.2
Spellcasting   | |  2.2
Summonings     | |  4.0

Action                   || total
-------------------------++-------
Melee: Hand axe          ||    28
       Bite              ||     7
 Cast: Summon Small Mamm ||     5
  Use: Potion            ||     1
Armor: Robe              ||     5
       Plate armour      ||     9
Dodge: Dodged            ||    12

Table legend: (Time is in decaauts)
 A = Elapsed time spent in this place.
 B = Non-inter-level travel time spent in this place.
 C = Inter-level travel time spent in this place.
 D = Time resting spent in this place.
 E = Time spent auto-exploring this place.
 F = Levels seen in this place.
 G = Mean time per level.
                   A        B        C        D        E       F      G
               +--------+--------+--------+--------+--------+-----+--------+
         Total |    656 |    656 |      0 |      0 |    483 |   5 |  131.2 |
       Dungeon |    656 |    656 |      0 |      0 |    483 |   5 |  131.2 |
               +--------+--------+--------+--------+--------+-----+--------+

Top non-repeatable levels by time:
     D:1: 595 daAuts
     D:5: 43 daAuts
     D:3: 7 daAuts
     D:2: 4 daAuts
     D:4: 4 daAuts
